 Dungeon Crawl Stone Soup version 0.21.1-1-g345015f (webtiles) character file.

171 johnjohn the Skirmisher (level 5, 0/47 HPs)
             Began as a Hill Orc Fighter on May 12, 2018.
             Was an Initiate of Kikubaaqudgha.
             Slain by Grinder (2 damage)
             ... on level 4 of the Dungeon.
             The game lasted 00:16:53 (2674 turns).

johnjohn the Skirmisher (Hill Orc Fighter)          Turns: 2674, Time: 00:16:54

Health: 0/47       AC: 14    Str: 25    XL:     5   Next: 51%
Magic:  14/14      EV:  4    Int:  8    God:    Kikubaaqudgha [......]
Gold:   113        SH: 10    Dex: 10    Spells: 4/4 levels left

rFire    . . .     SeeInvis .   a - +0 flail
rCold    . . .     Gourm    .   c - +0 shield
rNeg     . . .     Faith    .   n - +0 plate armour
rPois    .         Spirit   .   A - +0 helmet
rElec    .         Reflect  .   (no cloak)
rCorr    .         Harm     .   (no gloves)
MR       .....                  o - +0 pair of boots
Stlth    ..........             (no amulet)
HPRegen  0.15/turn              t - ring of magical power
MPRegen  0.14/turn              (no ring)

@: mighty
A: no striking features
a: Renounce Religion


You were on level 4 of the Dungeon.
You worshipped Kikubaaqudgha.
Kikubaaqudgha was noncommittal.
You were hungry.

You visited 1 branch of the dungeon, and saw 4 of its levels.

You collected 113 gold pieces.

Inventory:

Hand Weapons
 a - a +0 flail (weapon)
Armour
 b - a +0 scale mail
 c - a +0 shield (worn)
 k - a +0 robe
 n - a +0 plate armour (worn)
 o - a +0 pair of boots (worn)
 A - a +0 helmet (worn)
Jewellery
 t - a ring of magical power (left hand)
Wands
 m - a wand of digging (7)
Scrolls
 h - a scroll of amnesia {unknown}
 i - 3 scrolls of teleportation
 l - 2 scrolls of remove curse {unknown}
 r - 2 scrolls of identify
 s - a scroll of noise {unknown}
 u - a scroll of fear {unknown}
 v - 2 scrolls of magic mapping {unknown}
 w - a scroll of enchant weapon {unknown}
 y - a scroll of immolation {unknown}
 C - a scroll of fog {unknown}
Potions
 d - 2 potions of might
 e - a potion of magic {unknown}
 g - a potion of curing {unknown}
 j - 3 potions of haste
 p - 2 potions of agility {unknown}
 q - a potion of flight {unknown}
Books
 x - a book of Maledictions

   Spells                             Type                      Level
   a - Corona                         Hexes                        1
   b - Ensorcelled Hibernation        Hexes/Ice                    2
   c - Confuse                        Hexes                        3
   d - Tukima's Dance                 Hexes                        3
   e - Dazzling Spray                 Conjuration/Hexes            3
 B - Kikubaaqudgha's Handbook of Unholy Arts
   (Kikubaaqudgha gifted it to you on level 3 of the Dungeon)

   Spells                             Type                      Level
   a - Animate Skeleton               Necromancy                   1
   b - Pain                           Necromancy                   1
   c - Sublimation of Blood           Necromancy                   2
   d - Regeneration                   Charms/Necromancy            3
Comestibles
 f - 4 rations
 z - 3 chunks of flesh


   Skills:
 + Level 4.5 Fighting
 + Level 4.1 Maces & Flails
 + Level 4.1 Armour
 + Level 4.2 Shields


You had 4 spell levels left.
You didn't know any spells.

Dungeon Overview and Level Annotations

Branches:
Dungeon (4/15)
 Temple: D:4-7

Altars:
Kikubaaqudgha

Annotations:
D:4 Grinder


Message History

The adder skeleton bites you.
* * * LOW HITPOINT WARNING * * *
Grinder barely misses you. You block the adder skeleton's attack.
You sock the adder skeleton!
You destroy the adder skeleton!
Kikubaaqudgha accepts your kill. Grinder hits you.
* * * LOW HITPOINT WARNING * * *
You writhe in agony.
* * * LOW HITPOINT WARNING * * *
Grinder gestures at you.
You suddenly lose the ability to move!
You can move again.
You completely miss Grinder. Grinder hits you but does no damage.
You block Grinder's attack.
You barely miss Grinder.
You are feeling hungry.
Grinder hits you.
You die...
Kikubaaqudgha rasps: "You have failed me!
Welcome... death!"

##########
#........#
#........#
#........#
#........#####
#............#
#......@5#
#........#
#####..### ##.
#. #. #. #.


You could see Grinder.

Vanquished Creatures
  Jessica (D:2)
  7 adders
  An ooze (D:2)
  An adder skeleton (D:4)
  3 worms (D:2)
  2 dart slugs (D:1)
  A leopard gecko (D:1)
  An orc (D:3)
  2 giant cockroaches
  8 goblins
  9 hobgoblins
  5 kobolds
  11 bats
  4 frilled lizards
  8 rats
  A withered plant (D:2)
65 creatures vanquished.

Notes
Turn   | Place    | Note
-------+----------+-------------------------------------------
     0 | D:1      | johnjohn the Hill Orc Fighter began the quest for the Orb.
     0 | D:1      | Reached XP level 1. HP: 19/19 MP: 1/1
    99 | D:1      | Reached XP level 2. HP: 27/27 MP: 2/2
   554 | D:1      | Reached XP level 3. HP: 31/33 MP: 3/3
  1070 | D:2      | Found an ancient bone altar of Kikubaaqudgha.
  1086 | D:2      | Became a worshipper of Kikubaaqudgha
  1328 | D:2      | Reached XP level 4. HP: 30/40 MP: 4/4
  1373 | D:2      | Noticed Jessica
  1381 | D:2      | Killed Jessica
  1848 | D:2      | Reached XP level 5. HP: 46/47 MP: 5/5
  2605 | D:3      | Reached * piety under Kikubaaqudgha
  2605 | D:3      | Identified Kikubaaqudgha's Handbook of Unholy Arts (Kikubaaqudgha gifted it to you on level 3 of the Dungeon)
  2605 | D:3      | Received a gift from Kikubaaqudgha
  2664 | D:4      | Noticed Grinder
  2670 | D:4      | HP: 1/47 [Grinder (5)]
  2671 | D:4      | Paralysed by Grinder for 2 turns
  2674 | D:4      | Slain by Grinder

Skill      XL: |  1  2  3  4  5 |
---------------+----------------+-----
Fighting       | 4 |  4.5
Maces & Flails | 3 4 |  4.1
Armour         | 4 |  4.1
Shields        | 4 |  4.2

Action                   |  1- 3 |  4- 6 || total
-------------------------+-------+-------++-------
Melee: Flail             |   130 |   132 ||   262
Invok: Receive Corpses   |       |     1 ||     1
  Use: Scroll            |       |     2 ||     2
       Potion            |       |     1 ||     1
  Eat: Chunk             |     1 |     5 ||     6
Armor: Scale mail        |    30 |       ||    30
       Plate armour      |    10 |   110 ||   120
Dodge: Dodged            |    25 |    25 ||    50
Block: Shield            |    54 |    87 ||   141
